 Dungeon Sprint DCSS version 0.18-a0-1805-g8ab820f (webtiles) character file.

50823 Kidiri the Imperceptible (level 14, -26/75 HPs)
             Began as a Spriggan Enchanter on Apr 25, 2016.
             Was the Champion of Dithmenos.
             Killed from afar by a frost giant (42 damage)
             ... with a bolt of cold
             ... in the Dungeon (Sprint II: "The Violet Keep of Menkaure").
             The game lasted 00:28:25 (3784 turns).

Kidiri the Imperceptible (Spriggan Enchanter)       Turns: 3784, Time: 00:28:25

Health: -26/75     AC:  8    Str:  4    XL:     14   Next: 21%
Magic:  9/36       EV: 36    Int: 22    God:    Dithmenos [******]
Gold:   2465       SH: 17    Dex: 19    Spells: 9 memorised, 21 levels left

rFire  + . .     SeeInvis +     J - +5 quick blade
rCold  . . .     Gourm    .     s - +2 robe {rF+}
rNeg   . . .     Faith    .     w - +1 buckler
rPois  .         Spirit   .     o - +0 hat {MR+}
rElec  .         Dismiss  .     F - +2 cloak of the Thief {+Fog Slay-2 SInv Stlth+}
rCorr  .         Reflect  +     (gloves unavailable)
SustAt .         Harm     .     (boots unavailable)
MR     +++..     NoTele   +     k - brooch of Shielding {Reflect SH+8}
Stlth  ++++++++++               d - ring of flight
                                c - +3 ring of intelligence

@: very slightly contaminated, wreathed by umbra, very quick, extremely
resistant to hostile enchantments, uncannily stealthy
A: unfitting armour, see invisible, herbivore 3, speed 3, slow metabolism 2
a: Shadow Step, Shadow Form, Renounce Religion, Evoke Fog, Evoke Flight


You were in the Dungeon.
You worshipped Dithmenos.
Dithmenos was exalted by your worship.
You were not hungry.

You visited 1 branch You collected 4610 gold pieces.
You spent 1864 gold pieces at shops.

Inventory:

Hand Weapons
 a - a +7 dagger
 J - a +5 quick blade (weapon)
Missiles
 m - 2 throwing nets (quivered)
Armour
 o - a +0 hat of magic resistance (worn)
 s - a +2 robe of fire resistance (worn)
 w - a +1 buckler (worn)
 F - the +2 cloak of the Thief (worn) {+Fog Slay-2 SInv Stlth+}
   (You found it in the Dungeon)

   It affects your accuracy and damage with ranged weapons and melee attacks
   (-2).
   It lets you see invisible.
   It can be evoked to emit clouds of fog.
   It makes you more stealthy.
Jewellery
 b - an uncursed ring of ice
 c - a +3 ring of intelligence (left hand)
 d - a ring of flight (right hand)
 i - a +2 ring of protection
 k - the brooch of Shielding (around neck) {Reflect SH+8}
   (You bought it in a shop in the Dungeon)

   [amulet of reflection]

   It shields you and reflects attacks.
   It affects your SH (+8).
 x - an uncursed amulet of magic regeneration
 E - the ring of Entrepreneurial Spirit {-Tele Int+2 Dex+3 Stlth+}
   (You found it in the Dungeon)

   [ring of stealth]

   It affects your intelligence (+2).
   It affects your dexterity (+3).
   It prevents most forms of teleportation.
   It makes you more stealthy.
 H - an uncursed ring of positive energy
 I - an uncursed ring of magical power
Wands
 K - a wand of digging (8/24)
Scrolls
 n - 3 scrolls of amnesia
 q - 4 scrolls of remove curse
 r - 2 scrolls of fog
 y - a scroll of recharging
 C - a scroll of fear
 G - a scroll of magic mapping
Potions
 e - 6 potions of curing
 g - a potion of haste
 h - 20 potions of magic
 p - 10 potions of flight
 t - 2 potions of experience {unknown}
 v - 3 potions of cure mutation {unknown}
 z - 2 potions of might
 A - a potion of degeneration {unknown}
 B - a potion of berserk rage
 D - 3 potions of resistance
Miscellaneous
 u - a legendary deck of changes {drawn: 1}
Comestibles
 l - a slice of pizza


   Skills:
 + Level 9.0 Fighting
 * Level 15.7 Short Blades
 + Level 8.2 Armour
 * Level 19.8 Dodging
 * Level 21.2 Stealth
 + Level 6.6 Shields
 * Level 17.0 Spellcasting
 + Level 7.6 Conjurations
 + Level 13.0 Hexes
 + Level 12.1 Transmutations
 + Level 8.4 Ice Magic
 + Level 9.6 Earth Magic
 - Level 3.9 Invocations


You had 21 spell levels left.
You knew the following spells:

 Your Spells              Type           Power        Failure   Level  Hunger
a - Corona                Hex            ######.      0%          1    None
b - Ensorcelled Hibernat  Hex/Ice        ######       1%          2    None
c - Confuse               Hex            ######..     1%          3    None
d - Tukima's Dance        Hex            ######..     1%          3    None
e - Dazzling Spray        Conj/Hex       ######..     1%          3    None
f - Passwall              Trmt/Erth      ######....   1%          2    None
g - Stone Arrow           Conj/Erth      ######       1%          3    None
h - Petrify               Trmt/Erth      ######..     1%          4    None
i - Lee's Rapid Deconstr  Erth           ######....   1%          5    ##.....


Dungeon Overview and Level Annotations

Branches:
Dungeon (1/1)

Altars:
Cheibriados
Dithmenos
Elyvilon
Fedhas
Gozag
Kikubaaqudgha
Makhleb
Nemelex Xobeh
Okawaru
Pakellas
Qazlal
Ru
Sif Muna
Trog
Vehumet
Xom
Yredelemnul
Zin
The Shining One
Beogh
Jiyva
Lugonu

Shops:
D =:!(?[!:[*=%}[??(%!=:

Annotations:
D exclusions: oklob plant and orange crystal statue


Innate Abilities, Weirdness & Mutations

You are tiny and cannot use many weapons and most armour.
You have supernaturally acute eyesight.
You are a herbivore.
You cover ground extremely quickly.
You need consume almost no food.


Message History

Unknown command.
Evoke which item? (* to show all) (? for menu, Esc to quit)
Okay, then.
Unknown command.
Unknown command.
Evoke which item? (* to show all) (? for menu, Esc to quit)
You draw a card...
It is the Mercenary.
Pay Dakh's fee of 281 gold? [Y]es or [N]o only, please.
Pay Dakh's fee of 281 gold?
Dakh joins your ranks!
You block the deep elf high priest's attack.
Unknown command.
Unknown command.
You swap places.
The frost giant seems less brilliant.
The electric eel is no longer blind.
The frost giant casts a spell at you.
The bolt of cold hits Dakh.
The bolt of cold hits you!
Ouch! That really hurt!
You die...

,,,*,,*******,***#......(.▓,,,,,*
****+##,,####+####........▓,,,,,*
∩∩∩*,h+,##≈;§§§;≈##⌠....#+▓▓*,,,*
∩∩∩*,$###≈§§§≈§§§§##..).#..▓▓▓+▓▓
#####..+≈≈≈≈≈§§§§§≈##++##...+§.§▓
##.)e####≈≈≈§;§§§≈##≈...###.#§§§▓
..C)§e§§##;;;;;§≈*#(≈.....#.#§.§▓
#######≈≈#'''#+++#####(^..#.##§"▓
######≈≈≈x..De.m@.#.[+...(#..#[)▓
.....#≈≈≈≈.##C##..#..####.#..#§=▓
∩....#≈≈≈≈##...##.####..+.##.#}[▓
.∩...#≈≈≈≈#..#).#....#..#...####▓
∩.∩..#≈≈####...####..#####..##.#▓
.∩.⌠.#≈##.###'###.##..#..+..#..#▓
∩.∩..#≈##..##.##...#..#..#..#..#▓
.∩...+≈+.##'.<.'.##+..####^.##.#▓
∩....#≈##..##.####.#....###...##▓


You could see a storm dragon, a frost giant, a deep elf high priest, 2 electric
eels, a crawling corpse and the friendly Dakh the merfolk.

Vanquished Creatures
  the Lernaean hydra (D)
  A golden dragon (D)
  A bone dragon (D)
  A hellephant (D)
  An electric golem (D)
  A deep elf blademaster (D)
  A deep elf master archer (D)
  A kraken (D)
  Gastronok (D)
  Kirke (D)
  Roxanne (D)
  2 sphinxes (D)
  A cacodemon (D)
  An orc warlord (D)
  A draconian shifter (D)
  Nessos (D)
  A dire elephant (D)
  A crystal guardian (D)
  A fire dragon (D)
  A great orb of eyes (D)
  A yaktaur captain (D)
  An ice dragon (D)
  A centaur warrior (D)
  2 hell hogs (D)
  An iron golem (D)
  Sonja (D)
  2 death drakes (D)
  2 deep trolls (D)
  A skeletal warrior (D)
  A giant orange brain (D)
  A harpy (D)
  3 griffons (D)
  3 orc sorcerers (D)
  An elephant (D)
  3 sixfirhies (D)
  A siren (D)
  3 toenail golems (D)
  An eye of devastation (D)
  A yaktaur (D)
  A kobold demonologist (D)
  5 polar bears (D)
  6 flying skulls (D)
  3 yaks (D)
  2 wyverns (D)
  2 swamp drakes (D)
  A wasp (D)
  3 black bears (D)
  4 necrophages (D)
  4 crocodiles (D)
  2 earth elementals (D)
  A scorpion (D)
  A jelly (D)
  4 orc priests (D)
  4 worker ants (D)
  3 worms (D)
  A spectral bat (D)
  A spectral ball python (D)
99 creatures vanquished.

Vanquished Creatures (others)
  Menkaure (D)
  A crocodile (D)
  4 tentacles (D)
6 creatures vanquished.

Grand Total: 105 creatures vanquished

Notes
Turn   | Place    | Note
--------------------------------------------------------------
     0 | D        | Kidiri the Spriggan Enchanter began the quest for the Orb.
     0 | D        | Reached XP level 1. HP: 9/9 MP: 5/5
     1 | D        | Noticed a siren
     4 | D        | Noticed a worker ant
     4 | D        | Noticed a worker ant
     4 | D        | Noticed a worker ant
     4 | D        | Noticed a worker ant
     7 | D        | Noticed a necrophage
     7 | D        | Noticed a necrophage
     7 | D        | Noticed a necrophage
     7 | D        | Noticed a necrophage
    14 | D        | Killed a necrophage
    14 | D        | Reached skill level 1 in Fighting
    14 | D        | Reached skill level 1 in Armour
    14 | D        | Reached skill level 5 in Dodging
    14 | D        | Reached skill level 7 in Stealth
    14 | D        | Reached XP level 2. HP: 14/14 MP: 5/8
    14 | D        | Reached XP level 3. HP: 17/17 MP: 6/10
    14 | D        | Reached XP level 4. HP: 22/22 MP: 6/11
    19 | D        | Killed a necrophage
    19 | D        | Reached skill level 5 in Short Blades
    19 | D        | Reached skill level 8 in Stealth
    19 | D        | Reached skill level 5 in Hexes
    19 | D        | Reached XP level 5. HP: 25/25 MP: 6/14
    27 | D        | Killed a necrophage
    27 | D        | Reached skill level 9 in Stealth
    30 | D        | Killed a necrophage
    30 | D        | Reached skill level 10 in Stealth
    30 | D        | Reached XP level 6. HP: 31/31 MP: 7/17
    42 | D        | Learned a level 2 spell: Ensorcelled Hibernation
    46 | D        | Learned a level 3 spell: Confuse
    50 | D        | Learned a level 3 spell: Tukima's Dance
    54 | D        | Learned a level 3 spell: Dazzling Spray
    73 | D        | Killed Menkaure
   298 | D        | Reached skill level 1 in Ice Magic
   310 | D        | Killed a siren
   310 | D        | Reached skill level 10 in Dodging
   310 | D        | Reached skill level 11 in Stealth
   310 | D        | Reached skill level 1 in Conjurations
   310 | D        | Reached XP level 7. HP: 36/36 MP: 17/20
   338 | D        | Noticed Roxanne
   344 | D        | Found Mirr's Distillery.
   345 | D        | Found Lass's Antique Weapon Shop.
   345 | D        | Found Uriol's Magic Scroll Boutique.
   345 | D        | Found Kuss's Food Boutique.
   352 | D        | Found Zipterr's Gadget Boutique.
   352 | D        | Found Rekk's Food Shop.
   354 | D        | Found Suuffeoreicw's Antique Armour Shop.
   354 | D        | Found Oreqiy's Magic Scroll Shop.
   355 | D        | Found Isigokol's Antique Armour Boutique.
   355 | D        | Found Eraolu's Book Boutique.
   355 | D        | Found Qoosis's Jewellery Boutique.
   355 | D        | Noticed a spiny frog
   357 | D        | Found Muneik's Distillery.
   358 | D        | Found Daskipn's Magic Scroll Boutique.
   358 | D        | Found Lupnar's Antique Weapon Shop.
   358 | D        | Noticed a spiny frog
   358 | D        | Noticed an oklob plant
   359 | D        | Found Vuot's Book Shoppe.
   359 | D        | Found Hug Yramp's Jewellery Boutique.
   362 | D        | Noticed a death yak
   363 | D        | Noticed a shining eye
   364 | D        | Noticed a shining eye
   365 | D        | Noticed a shining eye
   379 | D        | Bought a book of Geomancy for 420 gold pieces
   382 | D        | Learned a level 2 spell: Passwall
   386 | D        | Learned a level 3 spell: Stone Arrow
   391 | D        | Learned a level 4 spell: Petrify
   392 | D        | Bought the brooch of Shielding {Reflect SH+8} for 448 gold pieces
   426 | D        | Found a snail-covered altar of Cheibriados.
   426 | D        | Found a blossoming altar of Fedhas.
   427 | D        | Found a corrupted altar of Lugonu.
   427 | D        | Found a sparkling altar of Nemelex Xobeh.
   427 | D        | Found a viscous altar of Jiyva.
   428 | D        | Found a basalt altar of Yredelemnul.
   428 | D        | Found a glowing golden altar of the Shining One.
   428 | D        | Found an iron altar of Okawaru.
   429 | D        | Found a burning altar of Makhleb.
   429 | D        | Found a radiant altar of Vehumet.
   429 | D        | Found a roughly hewn altar of Beogh.
   429 | D        | Found an opulent altar of Gozag.
   430 | D        | Found a sacrificial altar of Ru.
   430 | D        | Found a shadowy altar of Dithmenos.
   431 | D        | Found a stormy altar of Qazlal.
   431 | D        | Found a deep blue altar of Sif Muna.
   432 | D        | Found an oddly glowing altar of Pakellas.
   434 | D        | Found a bloodstained altar of Trog.
   434 | D        | Found an ancient bone altar of Kikubaaqudgha.
   434 | D        | Found a glowing silver altar of Zin.
   434 | D        | Noticed a polar bear
   435 | D        | Found a shimmering altar of Xom.
   435 | D        | Found a white marble altar of Elyvilon.
   435 | D        | Noticed a yaktaur
   440 | D        | Became a worshipper of Dithmenos the Shadowed
   449 | D        | Noticed a polar bear
   451 | D        | Noticed a polar bear
   465 | D        | Killed a polar bear
   465 | D        | Reached skill level 12 in Stealth
   465 | D        | Reached skill level 1 in Transmutations
   465 | D        | Reached skill level 1 in Earth Magic
   465 | D        | Reached XP level 8. HP: 40/41 MP: 9/22
   467 | D        | Reached skill level 1 in Invocations
   473 | D        | Killed a yaktaur
   473 | D        | Reached * piety under Dithmenos
   479 | D        | Killed a polar bear
   484 | D        | Killed a polar bear
   508 | D        | Noticed an ice dragon
   511 | D        | Killed an ice dragon
   511 | D        | Reached ** piety under Dithmenos
   511 | D        | Reached skill level 13 in Stealth
   511 | D        | Reached skill level 10 in Spellcasting
   511 | D        | Reached XP level 9. HP: 45/45 MP: 7/24
   525 | D        | Noticed a griffon
   526 | D        | Noticed a griffon
   526 | D        | Noticed a griffon
   530 | D        | Killed a griffon
   532 | D        | Killed a griffon
   534 | D        | Killed a griffon
   534 | D        | Reached skill level 5 in Fighting
   534 | D        | Reached skill level 14 in Stealth
   541 | D        | Noticed a deep elf master archer
   544 | D        | Noticed a fire dragon
   546 | D        | Killed a fire dragon
   546 | D        | Reached *** piety under Dithmenos
   546 | D        | Reached skill level 10 in Short Blades
   546 | D        | Reached skill level 5 in Transmutations
   546 | D        | Reached skill level 5 in Earth Magic
   546 | D        | Reached XP level 10. HP: 47/50 MP: 3/26
   586 | D        | Learned a level 5 spell: Lee's Rapid Deconstruction
   591 | D        | Noticed a kraken
   725 | D        | Killed a kraken
   725 | D        | Reached skill level 5 in Armour
   725 | D        | Reached skill level 15 in Stealth
   725 | D        | Reached skill level 1 in Shields
  1022 | D        | Noticed an orange crystal statue
  1044 | D        | Noticed a deep troll
  1045 | D        | Noticed a deep troll
  1047 | D        | Killed a deep troll
  1047 | D        | Reached **** piety under Dithmenos
  1048 | D        | Killed a deep troll
  1093 | D        | Noticed a death drake
  1121 | D        | Noticed a sphinx
  1121 | D        | Noticed a sphinx
  1124 | D        | Killed a sphinx
  1124 | D        | Reached XP level 11. HP: 56/56 MP: 28/28
  1125 | D        | Killed a sphinx
  1125 | D        | Reached skill level 16 in Stealth
  1125 | D        | Reached skill level 5 in Ice Magic
  1210 | D        | Bought a scroll of identify for 22 gold pieces
  1210 | D        | Bought a scroll of enchant weapon for 82 gold pieces
  1220 | D        | Bought 2 scrolls of enchant weapon for 165 gold pieces
  1220 | D        | Bought a scroll of identify for 22 gold pieces
  1234 | D        | Bought a scroll of enchant weapon for 105 gold pieces
  1234 | D        | Bought a scroll of enchant weapon for 105 gold pieces
  1234 | D        | Bought a scroll of identify for 28 gold pieces
  1241 | D        | Bought a scroll of identify for 28 gold pieces
  1241 | D        | Bought a scroll of identify for 28 gold pieces
  1243 | D        | Bought a scroll of identify for 28 gold pieces
  1248 | D        | Bought a +3 ring of intelligence for 219 gold pieces
  1248 | D        | Bought a +2 ring of protection for 140 gold pieces
  1331 | D        | Killed Roxanne
  1331 | D        | Reached skill level 15 in Dodging
  1360 | D        | Found Vyus Teawn's Jewellery Boutique.
  1364 | D        | Found Saqyela's Book Shoppe.
  1488 | D        | Reached ***** piety under Dithmenos
  1488 | D        | Reached skill level 5 in Conjurations
  1488 | D        | Reached skill level 10 in Hexes
  1492 | D        | Noticed Gastronok
  1502 | D        | Killed Gastronok
  1502 | D        | Reached skill level 17 in Stealth
  1511 | D        | Noticed a dire elephant
  1511 | D        | Noticed an orc sorcerer
  1511 | D        | Noticed an orc sorcerer
  1511 | D        | Noticed an orc sorcerer
  1535 | D        | Found Uqicec's General Store.
  1537 | D        | Found Woyvoiwk's Distillery.
  1538 | D        | Noticed Nessos
  1738 | D        | Found Hemy's Antique Armour Shoppe.
  1761 | D        | Noticed the 27-headed Lernaean hydra
  1763 | D        | Killed the 27-headed Lernaean hydra
  1763 | D        | Reached XP level 12. HP: 63/63 MP: 29/31
  1765 | D        | Noticed an orc warlord
  1785 | D        | Killed an orc warlord
  1945 | D        | Killed Nessos
  1945 | D        | Reached skill level 18 in Stealth
  1952 | D        | Bought a scroll of identify for 24 gold pieces
  1985 | D        | Killed a dire elephant
  1987 | D        | Reached ****** piety under Dithmenos
  2027 | D        | Got a scintillating amber ring
  2066 | D        | Identified the ring of Entrepreneurial Spirit {-Tele Int+2 Dex+3 Stlth+} (You found it in the Dungeon)
  2164 | D        | Noticed a crystal guardian
  2169 | D        | Killed a crystal guardian
  2479 | D        | Killed a deep elf master archer
  2479 | D        | Reached skill level 15 in Spellcasting
  2479 | D        | Reached skill level 10 in Transmutations
  2554 | D        | Noticed a great orb of eyes
  2559 | D        | Reached skill level 5 in Shields
  2562 | D        | Killed a great orb of eyes
  2562 | D        | Reached skill level 19 in Stealth
  2562 | D        | Reached XP level 13. HP: 62/68 MP: 21/33
  2723 | D        | Noticed an electric golem
  2725 | D        | Killed an electric golem
  3095 | D        | Noticed a hellephant
  3095 | D        | Noticed a red draconian shifter
  3095 | D        | Noticed Sonja
  3097 | D        | Killed a red draconian shifter
  3098 | D        | Killed Sonja
  3100 | D        | Killed a hellephant
  3145 | D        | Reached skill level 20 in Stealth
  3157 | D        | Noticed a deep elf blademaster
  3311 | D        | Identified 4 scrolls of acquirement
  3610 | D        | Killed a deep elf blademaster
  3734 | D        | Noticed Kirke
  3735 | D        | Noticed a bone dragon
  3735 | D        | Noticed a golden dragon
  3735 | D        | Noticed a cacodemon
  3736 | D        | Reached skill level 15 in Short Blades
  3737 | D        | Noticed a storm dragon
  3738 | D        | Killed Kirke
  3740 | D        | Noticed a frost giant
  3746 | D        | Killed a cacodemon
  3748 | D        | Killed a golden dragon
  3748 | D        | Reached XP level 14. HP: 72/72 MP: 23/35
  3754 | D        | Reached skill level 21 in Stealth
  3769 | D        | Killed a bone dragon
  3782 | D        | Hired Dakh the merfolk for 281 gold.
  3784 | D        | Killed from afar by a frost giant

Vault maps used:
D:        the_violet_keep_of_menkaure

Skill      XL: |  1  2  3  4  5  6  7  8  9 10 11 12 13 14 |
---------------+-------------------------------------------+-----
Fighting       | 1 2 3 4 5 6 7 8 9 |  9.0
Short Blades   | 3 5 6 7 8 9 10 11 12 13 15 | 15.7
Armour         | 1 2 3 4 5 6 7 8 |  8.2
Dodging        | 5 7 8 10 12 13 14 16 17 19 | 19.8
Stealth        | 7 8 10 11 12 13 14 15 17 19 20 21 | 21.2
Spellcasting   | 4 6 7 8 9 10 11 12 14 15 16 17 | 17.0
Hexes          | 4 5 6 7 8 9 10 11 12 13 | 13.0
Ice Magic      | 1 2 3 4 6 8 |  8.4
Conjurations   | 1 2 3 4 5 6 7 |  7.6
Transmutations | 1 3 5 6 8 10 11 12 | 12.1
Earth Magic    | 1 3 5 6 7 8 9 |  9.6
Invocations    | 2 3 |  3.9
Shields        | 2 4 5 6 |  6.6

Action                   |  1- 3 |  4- 6 |  7- 9 | 10-12 | 13-15 || total
-------------------------+-------+-------+-------+-------+-------++-------
Melee: Dagger            |     5 |    26 |    22 |    32 |    35 ||   120
       Quick blade       |       |       |       |       |     8 ||     8
 Cast: Ensorcelled Hiber |       |    11 |     8 |    16 |    12 ||    47
       Confuse           |       |       |     4 |     6 |    14 ||    24
       Dazzling Spray    |       |       |     2 |    12 |     7 ||    21
       Stone Arrow       |       |       |       |    11 |       ||    11
       Lee's Rapid Decon |       |       |       |     7 |    17 ||    24
       Passwall          |       |       |       |     4 |     1 ||     5
       Tukima's Dance    |       |       |       |       |     3 ||     3
       Petrify           |       |       |       |       |     1 ||     1
Invok: Shadow Step       |       |       |       |     3 |     4 ||     7
 Abil: Evoke Flight      |       |       |       |       |     4 ||     4
Evoke: Deck              |       |       |       |       |     1 ||     1
  Use: Potion            |     1 |       |       |     4 |     4 ||     9
       Scroll            |       |       |       |    22 |     6 ||    28
 Stab: Sleeping          |       |     8 |     8 |    25 |    21 ||    62
       Confused          |       |       |     6 |       |     7 ||    13
       Invisible         |       |       |     1 |     2 |     2 ||     5
  Eat: Bread ration      |       |       |       |     1 |       ||     1
Armor: Robe              |       |     1 |     1 |       |     1 ||     3
Dodge: Dodged            |     2 |    17 |    47 |    26 |    47 ||   139
Block: Buckler           |       |       |       |    20 |    53 ||    73
       Reflection        |       |       |       |     3 |       ||     3
